[Event "Team 45 45 League T36"]
[Site "Internet Chess Club"]
[Date "2008.02.06"]
[Round "3"]
[White "az2112"]
[Black "Warpdrive"]
[Result "0-1"]
[WhiteElo "1696"]
[BlackElo "1640"]
[Opening "King's Indian: orthodox variation"]
[ECO "E94"]
[Time "20:56:54"]
[TimeControl "2700+45"]

1. d4 Nf6 2. c4 g6 3. Nc3 Bg7 4. e4 d6 5. Nf3 O-O 6. Be2 e5 7. O-O exd4 8. Nxd4
Re8 9. f3 Nbd7 10. Be3 Ne5 11. Qd2 Bd7 12. Bh6 Nc6 13. Nc2 Bxh6 14. Qxh6 Qe7 15.
Ne3 Nd4 16. Bd3 c5 17. Ncd5 Nxd5 18. Nxd5 Qd8 19. Kh1 Bc6 20. f4 Bxd5 21. cxd5
b5 22. f5 Qe7 23. fxg6 fxg6 24. Rf2 Rf8 25. Raf1 Rxf2 26. Rxf2 Rf8 27. Rxf8+
Qxf8 28. Qxf8+ Kxf8 29. h3 c4 30. Bf1 Ke7 31. Kh2 Kf6 32. g4 Ke5 33. Bg2 b4 34.
Kg3 c3 {White resigns} 0-1

[Event "Team 45 45 League T36"]
[Site "Internet Chess Club"]
[Date "2008.02.07"]
[Round "3"]
[White "Ernie1"]
[Black "Chess2Play"]
[Result "1-0"]
[WhiteElo "1641"]
[BlackElo "1620"]
[Opening "Saragossa opening"]
[ECO "A00"]
[Time "22:47:02"]
[TimeControl "2700+45"]

1. c3 Nf6 2. Qc2 d5 3. d3 Nc6 4. Nf3 Bg4 5. h3 Bh5 6. Nbd2 e6 7. e3 Be7 8. d4
Bg6 9. Bd3 Bxd3 10. Qxd3 a6 11. O-O O-O 12. e4 dxe4 13. Nxe4 Nxe4 14. Qxe4 Qd5
15. Qxd5 exd5 16. Bf4 Rac8 17. Rfe1 Rfe8 18. Re2 Nd8 19. Rae1 Ne6 20. Bg3 Kf8
21. Ne5 Bd6 22. f4 f6 23. Nd3 Ng5 24. Rxe8+ Rxe8 25. Rxe8+ Kxe8 26. fxg5 Bxg3
27. Nc5 b6 28. Nxa6 fxg5 29. Nb4 Kd7 30. Nxd5 Kd6 31. Ne3 g6 32. Kf1 b5 33. Ke2
c5 34. dxc5+ Kxc5 35. Kd3 h5 36. b3 Bf4 37. Nf1 g4 38. hxg4 hxg4 39. Ne3 g3 40.
Ke4 g5 41. Nd5 Bd2 42. Kd3 Be1 43. c4 b4 44. Ke4 Bd2 45. Kf3 Kd4 46. Ke2 Bc3 47.
Nxc3 bxc3 48. a4 c2 49. Kd2 c1=Q+ 50. Kxc1 Ke3 51. c5 Kf2 52. c6 Kxg2 53. c7 Kh2
54. c8=Q g2 55. Qc2 g4 56. a5 Kh1 57. Qe4 g3 58. a6 Kh2 59. Qh7+ Kg1 60. Kd2 Kf2
61. Qf5+ Kg1 62. Ke2 Kh2 63. Qh5+ Kg1 64. Kf3 Kf1 65. Qb5+ Kg1 66. a7 Kh1 67.
Qh5+ Kg1 68. a8=Q Kf1 69. Qa1# {Black checkmated} 1-0

[Event "Team 45 45 League T36"]
[Site "Internet Chess Club"]
[Date "2008.02.07"]
[Round "3"]
[White "NaoXidnan"]
[Black "NESKAYA"]
[Result "1-0"]
[WhiteElo "1601"]
[BlackElo "1544"]
[Opening "Queen's Indian accelerated"]
[ECO "E12"]
[Time "21:01:17"]
[TimeControl "2700+45"]

1. d4 Nf6 2. c4 b6 3. Nc3 Bb7 4. Nf3 e6 5. Bg5 Bb4 6. e3 O-O 7. Bd3 d5 8. cxd5
Bxd5 9. O-O Bxc3 10. bxc3 Nbd7 11. c4 Bxf3 12. Qxf3 h6 13. Bh4 Qc8 14. Rac1 c5
15. d5 exd5 16. cxd5 Ne5 17. Qf5 Qxf5 18. Bxf5 Nxd5 19. Be4 Nb4 20. Bxa8 Rxa8
21. a3 Nd5 22. Rfd1 Nc7 23. Rd8+ Rxd8 24. Bxd8 Ne6 25. Bh4 Nd3 26. Rc3 Ne5 27.
Bg3 Nc6 28. Rd3 c4 29. Rc3 b5 30. a4 a6 31. axb5 axb5 32. Bd6 Ng5 33. f3 f5 34.
Ra3 Kf7 35. Ra6 Ke6 36. Rxc6 Kd5 37. Rc5+ Kxd6 38. Rxb5 Kc6 39. Rb1 Ne6 40. Kf2
Nc5 41. Ke2 Nb3 42. e4 Kc5 43. e5 Kd5 44. f4 Ke4 45. e6 Nd4+ 46. Kd2 Nxe6 47.
Re1+ Kd5 48. g3 Nd4 49. Kc3 Nb5+ 50. Kb4 Nd6 51. Rd1+ Ke6 52. Kc5 Ne4+ 53. Kxc4
g5 54. fxg5 hxg5 55. Kd4 Kd6 56. Rf1 Ke6 57. Re1 Kf6 58. Rxe4 fxe4 59. Kxe4 Ke6
60. g4 Kf6 61. Kd5 Kf7 62. Ke5 Kg6 63. Ke6 Kg7 64. Kf5 Kh6 65. Kf6 {Black
resigns} 1-0

[Event "Team 45 45 League T36"]
[Site "Internet Chess Club"]
[Date "2008.02.09"]
[Round "3"]
[White "MarcoDeSade"]
[Black "Toalla"]
[Result "1/2-1/2"]
[WhiteElo "1470"]
[BlackElo "1210"]
[Opening "Robatsch defense: Geller's system"]
[ECO "B07"]
[Time "12:02:55"]
[TimeControl "2700+45"]

1. e4 d6 2. d4 g6 3. Nf3 Bg7 4. c3 c6 5. Be2 Nf6 6. Bd3 Nbd7 7. O-O O-O 8. Bg5
h6 9. Bh4 g5 10. Bg3 Qc7 11. Re1 e5 12. dxe5 Nxe5 13. Nxe5 dxe5 14. Nd2 Bg4 15.
f3 Qb6+ 16. Kh1 Be6 17. b3 Nh5 18. Nc4 Nxg3+ 19. hxg3 Qf2 20. g4 Bxc4 21. Bxc4
Rad8 22. Qe2 Qxe2 23. Bxe2 Rd2 24. Kg1 Rfd8 25. Kf1 Kf8 26. Red1 Ke7 27. Ke1
Rxd1+ 28. Rxd1 Rxd1+ 29. Kxd1 Kd6 30. Kc2 b5 31. b4 a6 32. Kb3 c5 33. c4 Kc6 34.
cxb5+ axb5 35. bxc5 Kxc5 36. Kc3 b4+ 37. Kd3 Bf8 38. Bd1 Bd6 39. Bb3 f6 {Game
drawn by mutual agreement} 1/2-1/2

[Event "Team 45 45 League T36"]
[Site "Internet Chess Club"]
[Date "2008.02.11"]
[Round "3"]
[White "vollmerj"]
[Black "Mitch99"]
[Result "0-1"]
[WhiteElo "1695"]
[BlackElo "1633"]
[Opening "French: Winawer, advance variation"]
[ECO "C16"]
[Time "17:02:57"]
[TimeControl "2700+45"]

1. e4 e6 2. d4 d5 3. Nc3 Bb4 4. e5 Ne7 5. Bd2 Nf5 6. Nf3 O-O 7. Bd3 b6 8. O-O
Ba6 9. Bxa6 Nxa6 10. a3 Bxc3 11. Bxc3 c5 12. Qd3 Nb8 13. Bd2 Nc6 14. c3 h6 15.
b4 Nh4 16. Nxh4 Qxh4 17. f4 cxd4 18. cxd4 a6 19. Rac1 Rfc8 20. b5 axb5 21. Qxb5
Nxd4 22. Rxc8+ Rxc8 23. Qxb6 Ne2+ 24. Kh1 Ng3+ 25. Kg1 Nxf1 26. Kxf1 Qxh2 27.
Qb7 Qh1+ 28. Kf2 Rc2 29. Qb4 Qd1 30. Ke3 Rc4 31. Qb8+ Kh7 32. Qb2 Qf1 33. Bb4
Qxf4+ 34. Ke2 Re4+ 35. Kd1 Qf1+ 36. Kc2 Rc4+ 37. Kb3 Qd3+ 38. Ka4 Rc2 39. Qb1
Kg8 40. Ka5 Rc5+ 41. Bxc5 {White resigns} 0-1

[Event "Team 45 45 League T36"]
[Site "Internet Chess Club"]
[Date "2008.02.12"]
[Round "3"]
[White "bjc"]
[Black "Imbued"]
[Result "0-1"]
[WhiteElo "1381"]
[BlackElo "1446"]
[Opening "Ruy Lopez: four knights (Tarrasch) variation"]
[ECO "C77"]
[Time "19:17:05"]
[TimeControl "2700+45"]

1. e4 e5 2. Nf3 Nc6 3. Bb5 a6 4. Ba4 Nf6 5. Nc3 Be7 6. O-O b5 7. Bb3 Na5 8. Bd5
Nxd5 9. Nxd5 Bb7 10. Nxe7 Qxe7 11. d3 d5 12. Qe2 dxe4 13. dxe4 Nc4 14. b3 Nd6
15. Ba3 O-O-O 16. Nd2 Qg5 17. f3 f5 18. c4 Nf7 19. Rfd1 fxe4 20. Nxe4 Qh5 21.
cxb5 axb5 22. Rac1 Rxd1+ 23. Rxd1 Re8 24. Rc1 c6 25. Qxb5 Qh6 26. Qe2 Rd8 27.
Nc5 Rd2 28. Qe1 Rxa2 29. Nxb7 Rxa3 30. Nd6+ Qxd6 31. Qc3 Kc7 32. Ra1 Rxa1+ 33.
Qxa1 Qc5+ 34. Kh1 Qd4 35. Qb1 Nd6 36. h3 g6 37. Qe1 Qd5 38. b4 Nb5 39. Qh4 Qf7
40. Qg5 Qe6 41. Qh4 h5 42. Qg5 Qd6 43. Qh6 Qxb4 44. Qg7+ Kb6 45. Qxg6 Qe1+ 46.
Kh2 Nd4 47. Qxh5 Ne2 48. h4 Qg1+ {White resigns} 0-1

[Event "Team 45 45 League T36"]
[Site "Internet Chess Club"]
[Date "2008.02.11"]
[Round "3"]
[White "alexthegr8"]
[Black "mkrump"]
[Result "0-1"]
[WhiteElo "1490"]
[BlackElo "1513"]
[Opening "King's Indian: fianchetto without c4"]
[ECO "A49"]
[Time "19:06:25"]
[TimeControl "2700+45"]

1. d4 Nf6 2. Nf3 g6 3. g3 Bg7 4. Bg2 O-O 5. O-O Re8 6. c4 d6 7. Bg5 Nbd7 8. d5
Ne4 9. Nbd2 Nxg5 10. Nxg5 Bxb2 11. Rb1 Bg7 12. e4 Nc5 13. Nb3 Nd7 14. Qf3 Ne5
15. Qe3 Nxc4 16. Qc1 Ne5 17. Kh1 e6 18. f4 Ng4 19. Bf3 exd5 20. exd5 b6 21. Bxg4
Bxg4 22. h3 Bc8 23. Qd2 h6 24. Nf3 Bxh3 25. Rfe1 Qd7 26. Nbd4 Rxe1+ 27. Rxe1 Re8
28. Rxe8+ Qxe8 29. Qc2 Bg4 30. Qd3 Bxd4 31. Nxd4 Qe1+ 32. Kg2 f5 33. Qc2 Qe4+
34. Qxe4 fxe4 35. Kf2 Kf7 36. Ke3 Bf3 37. a3 Kf6 38. Nc6 a5 39. Nd4 h5 40. Kf2
g5 41. a4 gxf4 42. gxf4 h4 43. Nb5 Kf5 44. Nxc7 Kxf4 45. Nb5 e3+ 46. Ke1 Bxd5
47. Nc3 Ke5 48. Ne2 h3 49. Ng3 Bg2 50. Ke2 Kf4 {White resigns} 0-1

[Event "Team 45 45 League T36"]
[Site "Internet Chess Club"]
[Date "2008.02.08"]
[Round "3"]
[White "CSCARChaplain"]
[Black "ADIOKiddo4Ever"]
[Result "0-1"]
[WhiteElo "701"]
[BlackElo "1517"]
[Opening "Scandinavian (center counter) defense"]
[ECO "B01"]
[Time "21:05:11"]
[TimeControl "2700+45"]

1. e4 d5 2. exd5 Qxd5 3. Nf3 Qd6 4. d4 Bg4 5. Be2 Nc6 6. c3 Nf6 7. O-O e6 8. h3
Bh5 9. Nbd2 Be7 10. Nc4 Qd5 11. Nce5 Nxe5 12. dxe5 Qxd1 13. Rxd1 Nd7 14. g4 Bg6
15. Bd3 O-O-O 16. Be3 Nc5 17. Bxg6 hxg6 18. Kg2 Na4 19. Rab1 Rxd1 20. Rxd1 Nxb2
21. Rd2 Nc4 22. Re2 a6 23. Nd2 Nxe5 24. Bf4 Nd3 25. Bg3 Nc1 26. Re3 Nxa2 27. Be5
f6 28. Bd4 e5 29. Ba7 b6 30. Ne4 Nc1 31. Ng3 Bc5 32. Re1 Nd3 33. Re2 Nf4+ {White
resigns} 0-1

[Event "Team 45 45 League T36"]
[Site "Internet Chess Club"]
[Date "2008.02.09"]
[Round "3"]
[White "gagdad"]
[Black "dscvdchk"]
[Result "1-0"]
[WhiteElo "1698"]
[BlackElo "1527"]
[Opening "Scandinavian: Marshall variation"]
[ECO "B01"]
[Time "21:01:35"]
[TimeControl "2700+45"]

1. e4 d5 2. exd5 Nf6 3. d4 Nxd5 4. c4 Nf6 5. Nc3 Bg4 6. Be2 Bxe2 7. Ngxe2 e6 8.
O-O Be7 9. Bf4 c6 10. Re1 O-O 11. Qb3 Qb6 12. Qxb6 axb6 13. Bc7 Nbd7 14. Nf4
Rfc8 15. Be5 Ng4 16. Rad1 Ngxe5 17. dxe5 Rd8 18. Rd3 Nc5 19. Rdd1 Rxd1 20. Rxd1
Rd8 21. Rxd8+ Bxd8 22. Kf1 Bg5 23. Nh3 Bd2 24. Nb1 Bc1 25. b3 Nd3 26. Ke2 Nxe5
27. f4 Ng4 28. Kd1 Bb2 29. Ke2 Nxh2 30. Nf2 Bd4 31. a3 h5 32. Ne4 e5 33. f5 Kf8
34. Nd6 Ke7 35. Nxb7 Ng4 36. b4 Ne3 37. Nd2 Nxf5 38. a4 Kd7 39. c5 Kc7 40. Nd6
Nxd6 41. cxd6+ Kxd6 42. Kd3 Kd5 43. Nb3 e4+ 44. Ke2 Bc3 45. a5 bxa5 46. bxa5 Kc4
47. a6 Kxb3 48. a7 f5 49. a8=Q c5 50. Qb7+ Kc2 51. Qd5 g6 52. Qxc5 f4 53. Qc4
{Black resigns} 1-0

[Event "Team 45 45 League T36"]
[Site "Internet Chess Club"]
[Date "2008.02.07"]
[Round "3"]
[White "rd00d"]
[Black "jazzyrick"]
[Result "0-1"]
[WhiteElo "1371"]
[BlackElo "1569"]
[Opening "Nimzo-Indian: 4.e3 c5"]
[ECO "E41"]
[Time "22:05:01"]
[TimeControl "2700+45"]

1. d4 Nf6 2. c4 e6 3. Nc3 Bb4 4. e3 c5 5. Nf3 cxd4 6. exd4 b6 7. Be2 d5 8. O-O
Bxc3 9. bxc3 O-O 10. Bg5 Nbd7 11. cxd5 exd5 12. Ne5 h6 13. Bh4 g5 14. Bg3 Ne4
15. Qd3 f5 16. f4 Nxg3 17. Qxg3 Nf6 18. fxg5 Ne4 19. gxh6+ Nxg3 {White resigns}
0-1

[Event "Team 45 45 League T36"]
[Site "Internet Chess Club"]
[Date "2008.02.10"]
[Round "3"]
[White "sdcohle"]
[Black "JoshK"]
[Result "0-1"]
[WhiteElo "1429"]
[BlackElo "1486"]
[Opening "QGD Slav: 4.e3"]
[ECO "D11"]
[Time "10:04:50"]
[TimeControl "2700+45"]

1. d4 d5 2. c4 c6 3. Nf3 Nf6 4. e3 g6 5. Be2 Bg7 6. O-O O-O 7. Nc3 Bf5 8. Re1
Nbd7 9. Nh4 Be6 10. Bd3 dxc4 11. Bc2 Nb6 12. e4 Qd7 13. e5 Nfd5 14. Nf3 Nb4 15.
Be4 Rad8 16. Be3 N6d5 17. Ng5 Nxe3 18. fxe3 Bg4 19. Qd2 Bxe5 20. h3 Bf6 21. Nf3
Bxf3 22. Bxf3 Nd3 23. Re2 e5 24. d5 cxd5 25. Nxd5 Bg5 26. b3 f5 27. bxc4 e4 28.
Rd1 exf3 29. gxf3 Nc5 30. f4 Bf6 31. Qb4 Be7 32. Nf6+ Rxf6 33. Rxd7 Rxd7 34. Qe1
Ne4 35. Rc2 Rfd6 36. Kg2 Rd2+ 37. Rxd2 Rxd2+ 38. Kf3 Rxa2 39. h4 Rf2+ 40. Qxf2
Nxf2 41. Kxf2 Bc5 42. Kf3 Kf7 43. e4 Kf6 44. e5+ Ke6 45. Ke2 a6 46. Kd3 b6 47.
Kc3 Be3 48. Kb4 Bxf4 49. c5 bxc5+ 50. Kxc5 Bxe5 51. h5 gxh5 52. Kc4 h4 53. Kd3
h3 54. Ke3 h2 55. Kf2 h1=Q 56. Ke2 Qe4+ 57. Kd2 Bf4+ 58. Kc3 h6 59. Kb2 Be5+ 60.
Kb3 Qd3+ 61. Kb4 Qc3+ 62. Ka4 Qc6+ 63. Kb4 h5 64. Ka5 Qb5# {White checkmated}
0-1

[Event "Team 45 45 League T36"]
[Site "Internet Chess Club"]
[Date "2008.02.10"]
[Round "3"]
[White "gtm"]
[Black "Sir-Anthony"]
[Result "1-0"]
[WhiteElo "1528"]
[BlackElo "1479"]
[Opening "Sicilian defense"]
[ECO "B41"]
[Time "19:59:12"]
[TimeControl "2700+45"]

1. e4 e6 2. d4 c5 3. Nf3 cxd4 4. Nxd4 Bc5 5. Be3 Bxd4 6. Bxd4 Nf6 7. Bd3 Nc6 8.
Bc3 e5 9. O-O d6 10. f3 O-O 11. Nd2 a6 12. a4 Bd7 13. Nc4 Be8 14. Be2 Nh5 15.
Qe1 Nf4 16. Rd1 Qg5 17. g3 d5 18. exd5 Nxe2+ 19. Qxe2 Nd4 20. Bxd4 exd4 21. Rxd4
b5 22. axb5 Bxb5 23. b3 Rfe8 24. Qd2 Qf6 25. Qf4 Qg6 26. Re4 Bxc4 27. bxc4 Rf8
28. Qe5 f5 29. Qe6+ Qxe6 30. Rxe6 a5 31. Rfe1 a4 32. d6 a3 33. Ra1 Kf7 34. Re3
a2 35. Rb3 Ke6 36. c5 Rfc8 37. Rb2 Rxc5 38. Rbxa2 Rd8 39. Rd1 Rxd6 40. Rxd6+
Kxd6 41. Kf2 g5 42. Ke2 h5 43. Kd2 Ke5 44. Ra6 Rd5+ 45. Ke2 Rc5 46. Kd2 Rd5+ 47.
Kc1 Rd6 48. Rxd6 Kxd6 49. Kd2 f4 50. gxf4 gxf4 51. Kd3 Kd5 52. h4 Kc5 53. Ke4
Kc4 54. Kxf4 Kc3 55. Kg5 Kxc2 56. f4 Kd3 57. f5 Ke4 58. f6 Kf3 59. f7 {Black
resigns} 1-0

[Event "Team 45 45 League T36"]
[Site "Internet Chess Club"]
[Date "2008.02.08"]
[Round "3"]
[White "nursey"]
[Black "b-spot"]
[Result "1/2-1/2"]
[WhiteElo "1667"]
[BlackElo "1725"]
[Opening "French: Burn variation"]
[ECO "C11"]
[Time "17:31:12"]
[TimeControl "2700+45"]

1. e4 e6 2. d4 d5 3. Nc3 Nf6 4. Bg5 dxe4 5. Nxe4 Be7 6. Nxf6+ Bxf6 7. Bxf6 Qxf6
8. c4 c5 9. Ne2 O-O 10. b3 Rd8 11. Qd2 cxd4 12. Rd1 e5 13. Ng3 Bg4 14. Be2 Bxe2
15. Qxe2 Nc6 16. O-O Rd7 17. f4 exf4 18. Nh5 Qe7 19. Qxe7 Rxe7 20. Nxf4 Rae8 21.
Kf2 Re4 22. g3 Ne5 23. h3 Ng6 24. Nd5 Re2+ 25. Kf3 Rxa2 26. Rxd4 Rb2 27. b4 Rb3+
28. Kf2 h6 29. Rfd1 Rb2+ 30. Kf3 Ne5+ 31. Kf4 Rf2+ 32. Ke3 Ng4+ 33. Kd3 Rf3+ 34.
Kd2 Nf2 35. Ra1 a6 36. Nc7 Ree3 37. Rd8+ Kh7 38. Nd5 Ne4+ 39. Kd1 Rf1+ 40. Kc2
Re2+ 41. Kd3 Rd2+ 42. Kxe4 Rxd5 43. Rxf1 Rxd8 44. Rxf7 b6 45. c5 bxc5 46. bxc5
Ra8 47. c6 a5 48. Rb7 a4 49. c7 Rc8 50. Ra7 Kg6 51. Ra6+ Kf7 52. Rxa4 Rxc7 {Game
drawn by mutual agreement} 1/2-1/2

[Event "Team 45 45 League T36"]
[Site "Internet Chess Club"]
[Date "2008.02.09"]
[Round "3"]
[White "tammany"]
[Black "rayonline53"]
[Result "0-1"]
[WhiteElo "1707"]
[BlackElo "1657"]
[Opening "QGD: exchange, positional line"]
[ECO "D35"]
[Time "18:59:56"]
[TimeControl "2700+45"]

1. d4 d5 2. c4 e6 3. Nc3 Nf6 4. cxd5 exd5 5. Bg5 Nbd7 6. Nxd5 Nxd5 7. Bd2 N7f6
8. a3 Be7 9. e3 O-O 10. Bd3 Nb6 11. h3 Be6 12. Ne2 Bd5 13. Nf4 Be4 14. Be2 Nfd5
15. Nxd5 Bxd5 16. O-O Bc4 17. Rc1 Bxe2 18. Qxe2 c6 19. Qh5 Qd5 20. Qe2 Rad8 21.
b4 Rfe8 22. Rc2 Bd6 23. Qd3 Qe4 24. Qb3 Re6 25. f3 Qg6 26. f4 Qe4 27. a4 Nd5 28.
b5 cxb5 29. axb5 Nxe3 30. Bxe3 Qxe3+ 31. Qxe3 Rxe3 32. Ra2 Ra3 33. Rxa3 Bxa3 34.
Ra1 Bb2 35. Rxa7 Bxd4+ {White resigns} 0-1

[Event "Team 45 45 League T36"]
[Site "Internet Chess Club"]
[Date "2008.02.10"]
[Round "3"]
[White "NXS"]
[Black "dougmo"]
[Result "0-1"]
[WhiteElo "1422"]
[BlackElo "1575"]
[Opening "Queen's Indian: 4.e3"]
[ECO "E14"]
[Time "12:02:14"]
[TimeControl "2700+45"]

1. d4 e6 2. Nf3 Nf6 3. e3 b6 4. c4 Bb7 5. Bd3 Bb4+ 6. Bd2 Qe7 7. a3 Bxd2+ 8.
Nbxd2 O-O 9. O-O Nc6 10. h3 d6 11. Re1 Rad8 12. Qc2 h6 13. b4 Nd7 14. e4 e5 15.
d5 Ncb8 16. Nf1 Nf6 17. Ng3 Bc8 18. Nf5 Bxf5 19. exf5 Nbd7 20. Nd4 Nb8 21. f4
Rfe8 22. Qe2 Qf8 23. Qf3 exd4 24. Rf1 Re3 25. Qd1 Rde8 26. Ra2 Qe7 27. Ra1 Ne4
28. Bc2 Ng3 29. Ba4 Nxf1 30. Bxe8 Qxe8 31. Qxf1 Qe4 32. Qf2 d3 33. Ra2 Re2 34.
Rxe2 Qxe2 35. Qf1 Qxf1+ 36. Kxf1 Nd7 37. Ke1 Nf6 38. Kd2 Nh5 39. g3 Nxg3 40.
Kxd3 Nxf5 41. Ke4 g6 42. a4 a5 43. bxa5 bxa5 44. Kf3 Kf8 45. Ke4 Ke7 46. Kf3 Kf6
47. Ke4 h5 48. Kf3 Nd4+ 49. Ke3 Nb3 50. Ke4 Nc5+ 51. Ke3 Nxa4 52. Kd4 Nc5 53.
Ke3 a4 54. Kd2 Kf5 55. Ke3 a3 {White resigns} 0-1

[Event "Team 45 45 League T36"]
[Site "Internet Chess Club"]
[Date "2008.02.10"]
[Round "3"]
[White "fibin"]
[Black "taijifan"]
[Result "1-0"]
[WhiteElo "1513"]
[BlackElo "1310"]
[Opening "Caro-Kann: advance variation"]
[ECO "B12"]
[Time "12:06:14"]
[TimeControl "2700+45"]

1. e4 c6 2. d4 d5 3. e5 Bf5 4. Bd3 Bxd3 5. Qxd3 e6 6. Nf3 c5 7. Bg5 Qa5+ 8. Bd2
Qc7 9. Nc3 c4 10. Qe3 Bb4 11. O-O Bxc3 12. Bxc3 Ne7 13. Rfe1 O-O 14. Ng5 Nf5 15.
Qh3 h6 16. Nf3 Nc6 17. g4 Nfe7 18. g5 Nf5 19. gxh6 Nxh6 20. Kh1 Qe7 21. Rg1 Kh8
22. Rg3 Rg8 23. Rag1 f6 24. Bd2 {Black resigns} 1-0

[Event "Team 45 45 League T36"]
[Site "Internet Chess Club"]
[Date "2008.02.16"]
[Round "3"]
[White "John3v16"]
[Black "Knight77"]
[Result "0-1"]
[WhiteElo "1849"]
[BlackElo "1881"]
[Opening "French: Tarrasch, closed variation"]
[ECO "C05"]
[Time "05:23:34"]
[TimeControl "2700+45"]

1. e4 e6 2. d4 d5 3. Nd2 Nf6 4. exd5 exd5 5. Ngf3 Bd6 6. Ne5 O-O 7. Ndf3 Re8 8.
Be3 c5 9. Be2 cxd4 10. Bxd4 Nc6 11. Nxc6 bxc6 12. O-O Ne4 13. Re1 c5 14. Be3 d4
15. Bc1 Bb7 16. Bb5 Re6 17. Bc4 Rg6 18. Bd3 f5 19. Bf1 Qc7 20. h3 Nxf2 21. Kxf2
Bg3+ 22. Kg1 Bxe1 23. Nxe1 Qg3 24. Qd3 Qd6 25. Qxf5 Rf6 26. Qd3 Raf8 27. Be2 Kh8
28. Bd2 Qe5 29. Bf3 Ba6 30. Qb3 Qg3 31. Qd5 Be2 32. Qg5 Qxg5 33. Bxg5 Re6 34.
Kh2 Bxf3 35. Nxf3 Re2 36. Rc1 Rxf3 37. Kg1 Rff2 38. Bh4 Rxg2+ 39. Kf1 Rxc2 40.
Re1 h6 41. Be7 Rh2 42. Kg1 Rxh3 43. Bd6 d3 44. Re8+ Kh7 45. Rd8 Re3 46. Kf1 Rc1+
47. Kf2 Re2+ 48. Kf3 Rf1+ 49. Kg3 d2 {White resigns} 0-1

[Event "Team 45 45 League T36"]
[Site "Internet Chess Club"]
[Date "2008.02.10"]
[Round "3"]
[White "kabindra"]
[Black "hewdondada"]
[Result "1-0"]
[WhiteElo "1755"]
[BlackElo "1838"]
[Opening "Scandinavian (center counter) defense"]
[ECO "B01"]
[Time "10:00:50"]
[TimeControl "2700+45"]

1. e4 d5 2. exd5 Qxd5 3. Nc3 Qa5 4. d4 Nf6 5. Bc4 Bf5 6. Bd2 c6 7. Nd5 Qd8 8.
Nxf6+ gxf6 9. Nf3 e6 10. Bb3 Nd7 11. Qe2 Qe7 12. Nh4 Bg6 13. O-O-O O-O-O 14.
Rhe1 f5 15. g3 Re8 16. Bf4 Rg8 17. Qe3 Bg7 18. Nxg6 hxg6 19. Qc3 Qd8 20. Qb4 Qb6
21. Qc4 Rh8 22. h4 Bh6 23. Bxh6 Rxh6 24. d5 Nc5 25. dxc6 Nxb3+ 26. axb3 Qxc6 27.
Qd4 Rh7 28. Qxa7 Rhh8 29. Re3 Kc7 30. Rc3 Ra8 31. Rxc6+ Kxc6 32. Qd4 {Black
resigns} 1-0

[Event "Team 45 45 League T36"]
[Site "Internet Chess Club"]
[Date "2008.02.11"]
[Round "3"]
[White "ExpertLevel"]
[Black "jaybird"]
[Result "1-0"]
[WhiteElo "1774"]
[BlackElo "1710"]
[Opening "Sicilian, Chekhover variation"]
[ECO "B53"]
[Time "21:04:15"]
[TimeControl "2700+45"]

1. e4 c5 2. Nf3 d6 3. d4 cxd4 4. Qxd4 Nc6 5. Bb5 Bd7 6. Bxc6 Bxc6 7. Nc3 Nf6 8.
Bg5 e5 9. Qd3 Be7 10. O-O-O O-O 11. Bxf6 Bxf6 12. Qxd6 Qxd6 13. Rxd6 Be7 14. Rd3
Rfe8 15. h4 Bc5 16. Rd2 f5 17. Re1 Bb4 18. exf5 e4 19. Nd4 Bd7 20. Rde2 Kf7 21.
Rxe4 Rxe4 22. Rxe4 Re8 23. Rxe8 Kxe8 24. Kd2 Bc5 25. Kd3 a6 26. Ne4 Be7 27. g3
h6 28. c4 Kf7 29. a3 b6 30. b4 a5 31. c5 bxc5 32. Nxc5 Bc8 33. Kc4 axb4 34. axb4
Bf6 35. b5 Bd8 36. Nde6 Bb6 37. Kd5 Ba5 38. Kc6 Kf6 39. g4 g6 40. b6 gxf5 41.
g5+ hxg5 42. hxg5+ Ke7 43. b7 Bxb7+ 44. Kxb7 Be1 45. f3 Bc3 46. Kc6 Kf7 47. Kd5
Kg6 48. Nd3 Bh8 49. Ne5+ Kh7 50. Nd4 Bg7 51. Nxf5 Bf8 52. g6+ Kg8 53. f4 Ba3 54.
Ke6 Bc1 55. Nd3 Bd2 56. Kf6 Bc3+ 57. Ne5 {Black resigns} 1-0

[Event "Team 45 45 League T36"]
[Site "Internet Chess Club"]
[Date "2008.02.08"]
[Round "3"]
[White "tammany"]
[Black "OGO"]
[Result "1-0"]
[WhiteElo "1701"]
[BlackElo "1572"]
[Opening "Queen's Indian accelerated"]
[ECO "A50"]
[Time "17:02:28"]
[TimeControl "2700+45"]

1. d4 Nf6 2. c4 b6 3. Nc3 d6 4. e4 Nbd7 5. g3 Bb7 6. Bg2 e6 7. Nge2 Be7 8. O-O
O-O 9. b3 e5 10. Nd5 Rc8 11. Nec3 a6 12. Nxe7+ Qxe7 13. dxe5 Nxe5 14. Nd5 Nxd5
15. exd5 c6 16. Re1 Qd7 17. dxc6 Bxc6 18. Bxc6 Qxc6 19. Re3 Rfe8 20. Bb2 Qc7 21.
Qe2 Kf8 22. Ba3 Nc6 23. Rd1 Rxe3 24. Qxe3 Rd8 25. Qf4 Ne7 26. Bxd6 Qd7 27. Qe4
Qe6 28. Qxe6 fxe6 29. Bxe7+ Kxe7 30. Rxd8 Kxd8 31. f4 Kd7 32. Kf2 Kd6 33. Ke3 g6
34. Kd4 h6 35. b4 a5 36. bxa5 bxa5 37. a4 g5 38. c5+ Kc6 39. fxg5 hxg5 40. h4
{Black resigns} 1-0

[Event "Team 45 45 League T36"]
[Site "Internet Chess Club"]
[Date "2008.02.09"]
[Round "3"]
[White "Badu"]
[Black "Marichan"]
[Result "1-0"]
[WhiteElo "1965"]
[BlackElo "1778"]
[Opening "Pirc defense"]
[ECO "B07"]
[Time "13:01:03"]
[TimeControl "2700+45"]

1. e4 d6 2. d4 Nf6 3. Nc3 g6 4. f3 Bg7 5. Be3 O-O 6. Qd2 c6 7. Bh6 b5 8. Bxg7
Kxg7 9. a3 Nbd7 10. Nge2 Bb7 11. g4 Nb6 12. Ng3 a5 13. h4 b4 14. Nd1 c5 15. h5
Rh8 16. hxg6 hxg6 17. Nf5+ {Black resigns} 1-0

[Event "Team 45 45 League T36"]
[Site "Internet Chess Club"]
[Date "2008.02.08"]
[Round "3"]
[White "A-Ru"]
[Black "cayo89"]
[Result "1-0"]
[WhiteElo "1962"]
[BlackElo "1813"]
[Opening "Queen's pawn game"]
[ECO "D05"]
[Time "20:05:18"]
[TimeControl "2700+45"]

1. d4 d5 2. Nf3 Nf6 3. e3 e6 4. Bd3 Nbd7 5. b3 Bd6 6. Bb2 Qe7 7. Ne5 c5 8. Nd2
cxd4 9. exd4 O-O 10. O-O Ba3 11. Bxa3 Qxa3 12. c3 b6 13. Qe2 Qd6 14. f4 Bb7 15.
Rfe1 Rac8 16. Rac1 g6 17. g4 Ne8 18. f5 exf5 19. gxf5 Ng7 20. Qf3 Nf6 21. Qg3
Nfh5 22. Qg4 Rc7 23. Nf1 Bc8 24. Ne3 Nf6 25. Qf4 Ngh5 26. Qf3 Kg7 27. Kh1 Rg8
28. Rg1 Kh8 29. N3g4 Nxg4 30. Qxg4 f6 31. Nf3 Nf4 32. Qg3 Rcg7 33. fxg6 hxg6 34.
Nh4 g5 35. Nf5 Bxf5 36. Bxf5 Qa3 37. Rcf1 Qd6 38. Rf3 Qc7 39. Rgf1 Re8 40. Qg4
Re2 41. Rxf4 {Black forfeits on time} 1-0

[Event "Team 45 45 League T36"]
[Site "Internet Chess Club"]
[Date "2008.02.09"]
[Round "3"]
[White "HKNIGHT"]
[Black "Kingofknights"]
[Result "1-0"]
[WhiteElo "1722"]
[BlackElo "1700"]
[Opening "Queen's pawn game"]
[ECO "D00"]
[Time "14:00:26"]
[TimeControl "2700+45"]

1. d4 d5 2. e3 Nf6 3. f4 Bf5 4. Bd3 Be4 5. Nf3 e6 6. O-O Nbd7 7. Nbd2 c5 8. Bxe4
Nxe4 9. Nxe4 dxe4 10. Ne5 f5 11. c3 Nf6 12. Qb3 Qc7 13. Qxe6+ Qe7 14. Qxe7+ Bxe7
15. Bd2 O-O 16. Kh1 Rac8 17. Rg1 Rc7 18. g4 fxg4 19. Nxg4 Nxg4 20. Rxg4 cxd4 21.
exd4 Rf5 22. Re1 Bd6 23. Rxe4 Kf7 24. Rg5 Rf6 25. Kg2 a6 26. Kf3 h6 27. Rg4 b5
28. a3 Rf5 29. h4 Be7 30. Re5 Rf6 31. Re2 Rcc6 32. Reg2 g6 33. Be3 Rcd6 34. Re2
Bd8 35. Bd2 Bc7 36. Re4 Rd5 37. Rg2 Rd7 38. Rge2 Bb8 39. b3 Bc7 40. c4 bxc4 41.
bxc4 Bb8 42. Bb4 g5 43. hxg5 hxg5 44. Re7+ Rxe7 45. Rxe7+ Kg6 46. Re4 Bxf4 47.
Kg4 Bc7 48. d5 Kh6 49. Re6 Kg6 50. Rxf6+ Kxf6 51. d6 Bd8 52. c5 Ke6 53. c6 Bb6
54. Kxg5 Kd5 55. c7 {Black resigns} 1-0